 Dungeon Sprint DCSS version 0.29.1-1-gd02db6906a (webtiles) character file.

Game seed: 9087647301383177083

6 Groucho the Scratcher (level 1, 0/9 HPs)
             Began as a Felid Transmuter on Sept 28, 2022.
             Slain by a hound (4 damage)
             ... in the Dungeon (Sprint IX: "|||||||||||||||||||||||||||||").
             The game lasted 00:00:36 (446 turns).

Groucho the Scratcher (Felid Transmuter)             Turns: 446, Time: 00:00:36

Health: 0/9        AC:  1    Str:  6    XL:     1   Next: 75%
Magic:  3/4        EV: 17    Int: 14    God:
Gold:   0          SH:  0    Dex: 16    Spells: 3/4 levels left
                                        Lives:  0   Deaths: 0

rFire   . . .      SeeInvis +     - Unarmed
rCold   . . .      Faith    .   (shield unavailable)
rNeg    . . .      Spirit   .   (body armour unavailable)
rPois   .          Reflect  .   (helmet unavailable)
rElec   .          Harm     .   (cloak unavailable)
rCorr   .          Rampage  .   (gloves unavailable)
Will    .....      NoTele   +   (boots unavailable)
Stlth   ++........              (no amulet)
HPRegen 0.03/turn               (no ring)
MPRegen 0.09/turn               (no ring)

@: appendages, quick
A: horns 2, very small, claws 1, fangs 3, see invisible, speed 1, shaggy fur 1,
stealthy paws, no weapons or thrown items, no armour, multi-lived
a: End Transformation


You were in the Dungeon.
You had temporarily grown beastly horns.
You visited 1 branch

Inventory:

Scrolls
 g - a scroll of blinking
Potions
 a - a potion of lignification
 c - a potion of heal wounds
 d - a potion of haste
 e - 2 potions of magic
 f - a potion of berserk rage


   Skills:
 - Level 1.0 Fighting
 - Level 2.6 Dodging
 * Level 3.4 Stealth
 + Level 3.4 Unarmed Combat
 - Level 2.0 Spellcasting
 + Level 2.9 Transmutations


You had 3 spell levels left.
You knew the following spells:

 Your Spells              Type           Power      Damage    Failure   Level
a - Beastly Appendage     Tmut           18%        N/A       7%          1

Your spell library contained the following spells:

 Spells                   Type           Power      Damage    Failure   Level
 Wereblood                Tmut           9%         N/A       11%         2
 Spider Form              Tmut/Pois      5%         N/A       36%         3
 Ice Form                 Ice/Tmut       5%         N/A       78%         4


Dungeon Overview and Level Annotations

Branches:
Dungeon (1/1)

Altars:


Innate Abilities, Weirdness & Mutations

You have temporarily grown beastly horns.
You have sharp claws.
You have razor-sharp teeth.
You have supernaturally acute eyesight. (SInv)
You cover ground quickly. (Speed+)
You are covered in fur. (AC +1)
Your paws help you pounce on unaware monsters.
You are incapable of wielding weapons or throwing items.
You cannot wear armour.
You gain extra lives every three experience levels.


Message History

The frilled lizard bites you but does no damage.
You scratch the frilled lizard.
You kill the frilled lizard!
No target in view!
No target in view!
You start resting.
HP restored.
You start waiting.
Done waiting.
You start waiting.
Done waiting.
You start waiting.
Done waiting.
You start waiting.
Done waiting.
You see here a frilled lizard skeleton.
You open the door.
An orc, an ufetubus, 2 hounds and a quokka come into view.
The ufetubus shouts!
The orc shouts!
The hound barks!
Casting: Beastly Appendage (safe; 7% risk of failure)
Confirm with . or Enter, or press ? or * to list all spells.
You grow a pair of large bovine horns.
The hound barks!
The hound bites you.
You scratch the hound. You bite the hound.
The hound is heavily wounded.
The hound barely misses you.
You barely miss the hound.
The hound is heavily wounded.
The hound barely misses you. The hound bites you.
You are too injured to fight recklessly!
You are too injured to fight recklessly!
You are too injured to fight recklessly!
You barely miss the hound.
The hound is moderately wounded.
The hound misses you.
You closely miss the hound.
The hound is moderately wounded.
The hound barely misses you. The hound bites you.
You die...

▓.▓
▓.▓
▓.▓
▓'▓
▓)▓
▓÷▓
▓.▓
▓.▓
▓@▓
▓h▓
▓o▓
▓5▓
▓h▓
▓r▓
▓.▓
▓+▓


You could see 2 hounds, an orc, an ufetubus and a quokka.

Vanquished Creatures
  A bat (D)
  An endoplasm (D)
  A goblin (D)
  A hobgoblin (D)
  A frilled lizard (D)
5 creatures vanquished.

Notes
Turn   | Place    | Note
-------+----------+-------------------------------------------
     0 | D        | Groucho the Felid Transmuter began the quest for the Orb.
     0 | D        | Reached XP level 1. HP: 9/9 MP: 4/4
   441 | D        | Noticed a hound
   441 | D        | Noticed a hound
   446 | D        | Slain by a hound

Illustrated notes

Levels and vault maps discovered:
D:        linesprint [early_d, line_temple, items_1, d_10, items_2, lair_1,
          lair_end, items_3, orc_1, orc_end, items_4, d_15, swamp_1, shoals_1,
          snake_1, spider_1, d_20, vaults_1, items_5, swamp_end, shoals_end,
          snake_end, spider_end, vaults_end, d_27, items_6, zot_1, zot_end,
          crypt_end, forest_end, elf_end, slime_end, tomb_end, abyss_end,
          pan_hell_end]

Skill      XL: |  1 |
---------------+----+-----
Stealth        | 3 |  3.4
Fighting       | |  1.0
Dodging        | |  2.6
Unarmed Combat | |  3.4
Spellcasting   | |  2.0
Transmutations | |  2.9

Action                   || total
-------------------------++-------
Melee: Unarmed           ||    29
       Headbutt          ||     2
       Bite              ||     1
 Cast: Beastly Appendage ||     2
  Use: Potion            ||     1
Armor: Skin              ||     3
Dodge: Dodged            ||    28
